 Dungeon Crawl Stone Soup version 0.31-a0-981-geadf994542 (webtiles) character file.

Game seed: 7268604972618899336

5033 LeprechaunX the Mimic (level 10, -3/91 HPs)
             Began as an Octopode Shapeshifter on Nov 1, 2023.
             Was a Follower of Hepliaklqana.
             Slain by a manticore (8 damage)
             ... on level 10 of the Dungeon.
             The game lasted 00:16:32 (9505 turns).

LeprechaunX the Mimic (Octopode Shapeshifter)       Turns: 9505, Time: 00:16:33

Health: -3/91      AC: 29    Str: 17    XL:     10   Next: 55%
Magic:  16/16      EV:  2    Int: 12    God:    Hepliaklqana [*.....]
Gold:   504        SH:  0    Dex: 19    Spells: 15/17 levels left

rFire   + .          .
                       - Unarmed
rCold   . . .        (no shield)
rNeg    . . .        (helmet currently unavailable)
rPois   +            (no amulet)
rElec   .            p - ring of poison resistance
rCorr   .            s - ring of protection from fire
SInv    .            G - +4 ring of protection
Will    .....        g - +6 ring of dexterity
Stlth   ++           (no ring)
HPRegen 0.35/turn    (no ring)
MPRegen 0.15/turn    (no ring)
                     (no ring)

%: no passive effects
@: tree-form
A: stationary, stasis, torment immunity, boosted hp, reduced essence, almost no
armour, (amphibious), 8 rings, (camouflage 1), (gelatinous body 1), (nimble
swimmer 1), (tentacles)
a: Renounce Religion, Recall Ancestor, Ancestor Identity


You were on level 10 of the Dungeon.
You worshipped Hepliaklqana.
Hepliaklqana was aware of your devotion.
You were a tree.
You visited 2 branches of the dungeon, and saw 11 of its levels.
You also visited: Ossuary.

You collected 534 gold pieces.
You spent 30 gold pieces at shops.

Inventory:

Hand Weapons
 a - a +1 sling of draining
Missiles
 i - 21 boomerangs
 t - 5 javelins
 D - a throwing net
Jewellery
 g - a +6 ring of dexterity (on tentacle)
 p - a ring of poison resistance (left branch)
 s - a ring of protection from fire (right branch)
 G - a +4 ring of protection (on tentacle)
Talismans
 b - a beast talisman
 c - a flux talisman
 r - a maw talisman
Wands
 m - a wand of digging (5)
 w - a wand of charming (10)
 E - a wand of flame (20)
 I - a wand of iceblast (8)
Scrolls
 f - a scroll of enchant weapon {unknown}
 h - 6 scrolls of fog
 j - 4 scrolls of enchant armour
 l - 6 scrolls of teleportation
 q - 3 scrolls of blinking
 x - 4 scrolls of amnesia
 y - a scroll of fear {unknown}
 A - 2 scrolls of brand weapon {unknown}
 C - 2 scrolls of poison {unknown}
 F - 3 scrolls of immolation {unknown}
Potions
 d - a potion of magic {unknown}
 e - a potion of might {unknown}
 k - 4 potions of lignification
 n - 7 potions of curing
 o - 2 potions of resistance
 u - 2 potions of attraction {unknown}
 v - a potion of mutation {unknown}
 z - 3 potions of haste
 B - 3 potions of heal wounds {unknown}
 J - a potion of cancellation {unknown}
 K - a potion of enlightenment {unknown}


   Skills:
 + Level 6.2 Fighting
 - Level 3.0 Ranged Weapons
 - Level 2.0 Dodging
 - Level 6.0 Unarmed Combat
 - Level 4.0 Spellcasting
 - Level 4.0 Transmutations
 + Level 3.1 Invocations
 + Level 5.9 Evocations
 * Level 8.7 Shapeshifting


You had 15 spell levels left.
You knew the following spells:

 Your Spells              Type           Power      Damage    Failure   Level
a - Wereblood             Tmut           12%        N/A       6%          2

Your spell library contained the following spells:

 Spells                   Type           Power      Damage    Failure   Level
 Apportation              Tloc           4%         N/A       22%         1
 Kiss of Death            Conj/Necr      8%         2d6       22%         1
 Magic Dart               Conj           8%         1d3       22%         1
 Necrotise                Necr           8%         1d4       22%         1
 Summon Small Mammal      Summ           8%         N/A       22%         1
 Cigotuvi's Dreadful Rot  Necr/Pois/Air  4%         N/A       32%         2
 Jinxbite                 Hex            4%         N/A       32%         2
 Searing Ray              Conj           4%         2d4       32%         2
 Sublimation of Blood     Necr           2%         N/A       32%         2
 Ignite Poison            Fire/Tmut/Pois 5%         N/A       36%         3
 Confusing Touch          Hex            2%         N/A       54%         3
 Dispel Undead            Necr           2%         3d7       91%         4
 Fulminant Prism          Conj/Hex       1%         3d5       91%         4
 Alistair's Intoxication  Tmut/Pois      4%         N/A       95%         5
 Freezing Cloud           Conj/Ice/Air   1%         6-21      99%         5
 Summon Hydra             Summ           1%         N/A       100%        7


Dungeon Overview and Level Annotations

Branches:
Dungeon (10/15)            Temple (1/1) D:7             Orc (0/2) D:9
Ossuary (visited)
   Lair: D:8-11

Altars:
Ashenzari
Cheibriados
Elyvilon
Fedhas
Gozag
Hepliaklqana
Kikubaaqudgha
Makhleb
Nemelex Xobeh
Okawaru
Qazlal
Ru
Sif Muna
Trog
Uskayaw
Vehumet
Wu Jian
Xom
Yredelemnul
Zin
The Shining One

Shops:
D:4 !   D:6 ?[=   D:8 [(*?


Innate Abilities, Weirdness & Mutations

You are a tree.
Your roots penetrate the ground, keeping you stationary.
You cannot be teleported.
You are immune to unholy pain and torment.
Your maximum health is greatly increased.
Your life essence is reduced to manifest your ancestor. (-10% HP)
You cannot wear most types of armour.
((You are amphibious.))
You can wear up to eight rings at the same time.
((Your skin changes colour to match your surroundings (Stealth+).))
((Your rubbery body absorbs attacks. (AC +1, EV +1)))
((You are camouflaged when in or above water. (Stealth+)))
((You have tentacles for arms and can constrict up to eight enemies at once.))


Message History

You climb downwards.
Reactivating autopickup.
There is a stone staircase leading up here.
You tentacle-slap the yak.
You kill the yak!
You bludgeon the manticore! Your squeeze misses the manticore.
The manticore is moderately wounded.
The manticore bites you! The manticore barely misses you.
The manticore claws you!
You closely miss the manticore. You tentacle-slap the manticore!
The manticore is moderately wounded.
The manticore closely misses you. x2; The manticore barely misses you.
You completely miss the manticore.
The manticore is moderately wounded.
The manticore closely misses you. The manticore claws you.
The manticore barely misses you.
You closely miss the manticore. You squeeze the manticore!
The manticore is heavily wounded.
The manticore bites you. The manticore misses you. The manticore claws you.
* * * LOW HITPOINT WARNING * * *
Your transformation has ended.
You turn into a tree.
Your roots penetrate the ground.
The manticore bites you but does no damage.
The manticore claws you.
* * * LOW HITPOINT WARNING * * *
The manticore claws you!
* * * LOW HITPOINT WARNING * * *
You hit the manticore but do no damage.
The manticore is heavily wounded.
The manticore bites you but does no damage.
The manticore claws you but does no damage. x2
You hit the manticore.
The manticore is severely wounded.
The manticore bites you!
* * * LOW HITPOINT WARNING * * *
The manticore claws you but does no damage. x2
You barely miss the manticore.
The manticore is severely wounded.
The manticore bites you!
You die...

#
#.#..#####
.......♣.#
#.......H#
##........#
#.........#
........###
.........
...#....#
.......##


You could see a manticore.

Vanquished Creatures
  A troll (D:9)
  A wyvern (D:7)
  2 yaks
  2 steam dragons
  An acid dragon (D:8)
  3 water moccasins
  An ice beast (D:6)
  A sky beast (D:7)
  2 ogres
  3 centaurs
  A kobold brigand (D:7)
  2 phantoms
  13 scorpions
  11 wights
  The ghost of gdog the Covert, a weakling GnDe (D:6)
  3 killer bees (D:9)
  2 howler monkeys
  4 quasits (D:6)
  3 jellies
  A centaur zombie (Ossuary)
  2 hounds
  A gnoll bouda (D:6)
  4 orc priests
  4 human zombies (Ossuary)
  7 iguanas
  4 orc wizards
  3 scorpion zombies (Ossuary)
  4 mummies
  8 gnolls
  15 adders
  A white imp (D:8)
  A worm (D:2)
  3 dart slugs
  21 orcs
  10 bats
  5 endoplasms
  3 giant cockroaches (D:1)
  11 goblins
  6 hobgoblins
  10 jackals
  13 kobolds
  A quokka (D:1)
  5 ball pythons
  5 frilled lizards
  3 gnoll zombies (Ossuary)
  A hobgoblin zombie (Ossuary)
  A kobold zombie (Ossuary)
  4 orc zombies (Ossuary)
  11 rats
225 creatures vanquished.

Vanquished Creatures (others)
  2 ancestors
2 creatures vanquished.

Grand Total: 227 creatures vanquished

Notes
Turn   | Place    | Note
-------+----------+-------------------------------------------
     0 | D:1      | LeprechaunX the Octopode Shapeshifter began the quest for
                  | the Orb.
     0 | D:1      | Reached XP level 1. HP: 13/13 MP: 1/1
    95 | D:1      | Reached XP level 2. HP: 18/18 MP: 2/2
   364 | D:1      | Reached XP level 3. HP: 20/23 MP: 3/3
   364 | D:1      | Found a faded altar of an unknown god.
   607 | D:2      | Reached XP level 4. HP: 25/29 MP: 4/4
  1063 | D:2      | Reached skill level 1 in Ranged Weapons
  1422 | D:3      | Reached skill level 4 in Shapeshifting
  1520 | D:3      | Reached XP level 5. HP: 30/34 MP: 5/5
  2044 | D:4      | Learned a level 2 spell: Wereblood
  2216 | D:4      | Reached XP level 6. HP: 22/41 MP: 6/6
  2304 | D:4      | Found an ancient bone altar of Kikubaaqudgha.
  2395 | D:4      | Found Kusucharo's Distillery.
  2416 | D:4      | Found a sand-covered staircase.
  2473 | Ossuary  | Entered an ossuary
  2490 | Ossuary  | Reached skill level 1 in Transmutations
  2490 | Ossuary  | Reached skill level 1 in Evocations
  2513 | Ossuary  | Reached skill level 1 in Spellcasting
  2519 | Ossuary  | Reached XP level 7. HP: 35/46 MP: 8/8
  2587 | Ossuary  | Reached skill level 5 in Shapeshifting
  3064 | Ossuary  | Reached XP level 8. HP: 52/52 MP: 10/10
  3726 | D:5      | Entered Level 5 of the Dungeon
  3761 | D:5      | Reached skill level 5 in Unarmed Combat
  3780 | D:5      | Reached skill level 6 in Shapeshifting
  3882 | D:5      | Found a glowing golden altar of the Shining One.
  3892 | D:5      | Found a hide-covered altar of Uskayaw.
  4126 | D:5      | Reached XP level 9. HP: 59/59 MP: 13/13
  5001 | D:6      | Found Jeoddull's Magic Scroll Emporium.
  5004 | D:6      | Bought a scroll of identify for 30 gold pieces
  5162 | D:6      | Found a transporter.
  5234 | D:6      | Noticed gdog's ghost (weakling GnDe)
  5320 | D:6      | Found Coaptu Igou's Jewellery Emporium.
  5525 | D:6      | Found a transporter.
  5733 | D:6      | Found Daavekh's Antique Armour Boutique.
  5911 | D:6      | Found a stormy altar of Qazlal.
  5924 | D:6      | Found a radiant altar of Vehumet.
  6416 | D:6      | Killed gdog's ghost
  6424 | D:6      | Reached skill level 7 in Shapeshifting
  6522 | D:6      | Reached skill level 5 in Fighting
  7271 | D:7      | Found a staircase to the Ecumenical Temple.
  7287 | Temple   | Entered the Ecumenical Temple
  7292 | Temple   | Became a worshipper of Hepliaklqana the Forgotten
  7416 | D:7      | Found a basalt altar of Yredelemnul.
  7607 | D:8      | Reached XP level 10. HP: 52/66 MP: 14/16
  7706 | D:7      | Reached skill level 1 in Invocations
  7706 | D:7      | Reached skill level 5 in Evocations
  7997 | D:8      | Reached skill level 8 in Shapeshifting
  8431 | D:8      | Found Ymyrch's Antique Weapon Shop.
  8494 | D:8      | Reached * piety under Hepliaklqana
  8615 | D:8      | Found Meureot's Armour Shop.
  8743 | D:8      | Found Ginor's Assorted Antiques.
  8814 | D:8      | Found Ucairph's Magic Scroll Emporium.
  9363 | D:9      | Found a staircase to the Orcish Mines.
  9496 | D:10     | Entered Level 10 of the Dungeon
  9496 | D:10     | Noticed a manticore
  9504 | D:10     | HP: 4/91 [manticore (15)]
  9505 | D:10     | Slain by a manticore

Illustrated notes

Levels and vault maps discovered:
D:1:      dpeg_arrival_short_road, layout_rooms,
          dreamdust_ecumenical_altar_grove, corexii_corridor_pit
D:2:      layout_loops_ring
D:3:      layout_basic, serial_bayou_lagoon_a
D:4:      layout_gridville, mainiacjoe_overflow_paths,
          gup_ossuary_entry_pyramid, serial_shops, shop
D:5:      layout_layer_cave, grunt_temple_overflow_open
D:6:      layout_loops_ring, mainiacjoe_overflow_swirl, serial_shops, shop,
          nicolae_stop_n_shop_2, nicolae_shop_stone, gammafunk_ghost_stat_death,
          minmay_crystal_room
D:7:      layout_layer_cave, nicolae_overflow_crystal_walls,
          minmay_temple_entry_fiery
D:8:      layout_gridville, serial_shops, nicolae_shop_rolling_square,
          nicolae_shop_rolled_up, shop, nicolae_diamond_shop, st_stairs_9
D:9:      layout_roguey, orc_0_dummy, serial_shops, kennysheep_mini_moat,
          nicolae_phantomly_mirrored
D:10:     layout_cave_pools, old_standard_altar
Temple:   minmay_freezing_vapour_temple

Skill      XL: |  1  2  3  4  5  6  7  8  9 10 |
---------------+-------------------------------+-----
Fighting       | 2 3 4 5 6 |  6.2
Ranged Weapons | 1 2 3 |  3.0
Shapeshifting  | 4 5 6 7 8 |  8.7
Unarmed Combat | 4 5 6 |  6.0
Transmutations | 1 2 3 4 |  4.0
Evocations     | 1 2 3 4 5 |  5.9
Spellcasting   | 1 2 4 |  4.0
Invocations    | 3 |  3.1
Dodging        | |  2.0

Action                     |  1- 3 |  4- 6 |  7- 9 | 10-12 || total
---------------------------+-------+-------+-------+-------++-------
  Melee: Unarmed           |    59 |   128 |   207 |    74 ||   468
         Constrict         |    14 |    33 |    49 |    14 ||   110
         Tentacles         |    11 |    29 |    61 |    19 ||   120
         Punch             |     1 |     2 |     5 |     6 ||    14
   Fire: Sling             |       |    13 |   111 |    62 ||   186
    Use: Scroll            |       |       |     8 |     1 ||     9
         Potion            |       |       |       |     1 ||     1
   Stab: Sleeping          |     6 |     2 |     1 |     1 ||    10
         Distracted        |       |     1 |       |       ||     1
 Armour: Skin              |    24 |    40 |   114 |    73 ||   251
  Dodge: Dodged            |    25 |    77 |   113 |    57 ||   272

Table legend: (Time is in decaauts)
 A = Elapsed time spent in this place.
 B = Non-inter-level travel time spent in this place.
 C = Inter-level travel time spent in this place.
 D = Time resting spent in this place.
 E = Time spent auto-exploring this place.
 F = Levels seen in this place.
 G = Mean time per level.
                   A        B        C        D        E       F      G
               +--------+--------+--------+--------+--------+-----+--------+
         Total |   9476 |   9101 |    375 |    737 |   6807 |  12 |  789.7 |
       Dungeon |   8639 |   8264 |    375 |    645 |   6315 |  10 |  863.9 |
        Temple |     10 |     10 |      0 |      0 |      0 |   1 |   10.0 |
       Ossuary |    825 |    825 |      0 |     92 |    492 |   1 |  825.0 |
               +--------+--------+--------+--------+--------+-----+--------+

Top non-repeatable levels by time:
     D:6: 1737 daAuts
     D:5: 1276 daAuts
     D:8: 1158 daAuts
     D:7: 1031 daAuts
     D:4: 863 daAuts
 Ossuary: 825 daAuts
     D:2: 733 daAuts
     D:3: 705 daAuts
     D:1: 580 daAuts
     D:9: 544 daAuts
  Temple: 10 daAuts
    D:10: 7 daAuts
